 Dungeon Crawl Stone Soup version 0.27.0-1-g7a089689b8 (webtiles) character file.

Game seed: 7545368204554501944

4871 Delamore the Bludgeoner (level 10, -5/60 HPs)
             Began as a Gargoyle Fighter on Aug 9, 2021.
             Was a Follower of Qazlal.
             Slain by an orc warrior (19 damage)
             ... in a bailey.
             The game lasted 00:10:22 (10015 turns).

Delamore the Bludgeoner (Gargoyle Fighter)         Turns: 10015, Time: 00:10:22

Health: -5/60      AC: 20    Str: 23    XL:     10   Next: 50%
Magic:  11/11      EV: 25    Int: 13    God:    Qazlal [*.....]
Gold:   362        SH:  6    Dex:  9    Spells: 9/9 levels left

rFire    . . .     SeeInvis .   I - +9 morningstar "Ximucu" {vorpal, rPois Int+4}
rCold    . . .     Faith    .   g - +0 buckler
rNeg     + + .     Spirit   .   h - +0 ring mail {rN+}
rPois    ∞         Reflect  .   F - +2 helmet
rElec    +         Harm     .   E - scarf {shadows}
rCorr    .         Rampage  .   (no gloves)
Will     +....                  (no boots)
Stlth    ..........             j - amulet of the acrobat
HPRegen  0.20/turn              f - +4 ring of protection
MPRegen  0.12/turn              B - ring of willpower

@: acrobatic
A: sickness immunity, AC +7, negative energy resistance 1, electricity
resistance, torment resistance 1, petrification resistance
a: Renounce Religion


You were in a bailey.
You worshipped Qazlal.
Qazlal was aware of your devotion.
You visited 2 branches of the dungeon, and saw 10 of its levels.
You also visited: Bailey.

You collected 656 gold pieces.
You spent 294 gold pieces at shops.

Inventory:

Hand Weapons
 I - the +9 morningstar "Ximucu" (weapon) {vorpal, rPois Int+4}
   (You found it on level 8 of the Dungeon)

   It inflicts extra damage upon your enemies.
   Int:       It affects your intelligence (+4).
   rPois:     It protects you from poison.
Missiles
 e - 7 javelins (quivered)
 y - 12 poisoned darts
Armour
 c - a +0 kite shield
 g - a +0 buckler (worn)
 h - a +0 ring mail of positive energy (worn)
 x - a +0 plate armour
 E - a scarf of shadows (worn)
 F - a +2 helmet (worn)
Jewellery
 f - a +4 ring of protection (left hand)
 j - an amulet of the acrobat (around neck)
 B - a ring of willpower (right hand)
Wands
 a - a wand of acid (9)
 i - a wand of charming (15)
 r - a wand of iceblast (2)
 D - a wand of paralysis (10)
Scrolls
 l - 2 scrolls of brand weapon
 m - 2 scrolls of enchant weapon
 n - 3 scrolls of noise
 o - 3 scrolls of blinking
 p - 3 scrolls of teleportation
 t - a scroll of enchant armour
 u - a scroll of amnesia
 z - a scroll of holy word
 H - a scroll of identify
Potions
 s - 4 potions of curing
 w - 2 potions of magic {unknown}
 A - a potion of resistance {unknown}
 C - 2 potions of flight {unknown}


   Skills:
 + Level 5.7 Fighting
 - Level 16.0 Maces & Flails
 + Level 4.3 Armour
 + Level 4.8 Shields
 + Level 2.5 Invocations


You had 9 spell levels left.
You didn't know any spells.
Your spell library contained the following spells:

 Spells                   Type           Power      Damage    Failure   Level
 Foxfire                  Conj/Fire      0%         2x1d4     43%         1
 Passwall                 Tmut/Erth      0%         N/A       56%         2
 Conjure Flame            Conj/Fire      0%         6-21      80%         3
 Ignite Poison            Fire/Tmut/Pois 0%         N/A       80%         3
 Inner Flame              Hex/Fire       0%         N/A       80%         3
 Swiftness                Air            0%         N/A       80%         3
 Sticky Flame             Conj/Fire      0%         2d3       99%         4
 Invisibility             Hex            0%         N/A       100%        6


Dungeon Overview and Level Annotations

Branches:
Dungeon (9/15)             Temple (1/1) D:6            Lair (0/6) D:9
 Bailey (1/1)
    Orc: D:9-12

Altars:
Ashenzari
Cheibriados
Dithmenos
Elyvilon
Fedhas
Gozag
Hepliaklqana
Kikubaaqudgha
Makhleb
Nemelex Xobeh
Okawaru
Qazlal
Ru
Sif Muna
Trog
Uskayaw
Vehumet
Wu Jian
Xom
Yredelemnul
Zin
The Shining One

Shops:
D:7 [


Innate Abilities, Weirdness & Mutations

You are immune to sickness and miasma.
Your stone body is resilient. (AC +7)
You are immune to poison.
You resist negative energy. (rN+)
You are resistant to electric shocks. (rElec)
You are resistant to unholy torment.
You are immune to petrification.


Message History

You are too injured to fight recklessly!
You are too injured to fight recklessly!
You are too injured to fight recklessly!
You are too injured to fight recklessly!
You are too injured to fight recklessly!
You are too injured to fight recklessly!
You are too injured to fight recklessly!
You are too injured to fight recklessly!
You are too injured to fight recklessly!
You are too injured to fight recklessly!
You are too injured to fight recklessly!
You are too injured to fight recklessly!
You are too injured to fight recklessly!
You hit the orc warrior but do no damage.
You block the orc warrior's attack. x2
The orc hits you from afar with a +4 halberd.
You block the orc warrior's attack.
You barely miss the orc warrior. The orc hits you but does no damage.
You block the orc's attack. You block the orc warrior's attack.
You block the orc's attack.
The orc warrior hits you but does no damage. x2
You sock the orc warrior!
The orc warrior is moderately wounded.
The orc misses you. You block the orc's attack.
You block the orc warrior's attack.
You bludgeon the orc warrior!!
You kill the orc warrior!
Qazlal accepts your kill. You block the orc's attack.
You block the orc warrior's attack.
The orc warrior hits you from afar with a +0 glaive!
* * * LOW HITPOINT WARNING * * *
The orc hits you but does no damage.
You puncture the orc warrior!
You kill the orc warrior!
Qazlal accepts your kill. The orc completely misses you.
The orc closely misses you. The orc warrior barely misses you.
The orc completely misses you. x3
The orc warrior hits you with a +0 glaive!!
You die...

###'###
#...#
#...#
#...#
#...#
###'###
##.....##
#..)§)..#
#...@o..#
#.°§.o..#
#...oo..#
#.......#
##.....##
##+++##


You could see an orc warrior and 3 orcs.

Vanquished Creatures
  Pikel (D:5)
  A centaur zombie (D:6)
  A shadow (D:8)
  A steam dragon (D:8)
  Edmund (D:5)
  2 water moccasins
  5 orc warriors
  A sky beast (D:5)
  An ice beast (D:6)
  A black bear (D:8)
  4 ogres
  3 centaurs
  A phantom (D:6)
  2 kobold brigands
  2 bullfrogs (D:6)
  A gnoll sergeant (D:5)
  3 scorpions (D:6)
  3 water moccasin skeletons
  4 wights (D:8)
  7 killer bees
  A bullfrog zombie (D:5)
  2 orc priests
  2 hounds
  2 bullfrog skeletons
  A gnoll shaman (D:7)
  3 iguanas (D:6)
  Jessica (D:3)
  8 orc wizards
  3 killer bee zombies
  Robin (D:3)
  14 gnolls
  2 adders
  A shadow imp (D:6)
  A white imp (D:8)
  2 adder skeletons
  A worm (D:4)
  A dart slug (D:1)
  34 orcs
  8 bats
  6 endoplasms
  4 giant cockroaches
  19 goblins
  11 hobgoblins
  7 jackals
  A quokka (D:2)
  6 ball pythons
  5 frilled lizards
  17 kobolds
  4 rats (D:1)
213 creatures vanquished.

Vanquished Creatures (others)
  An orc (Bailey)
1 creature vanquished.

Grand Total: 214 creatures vanquished

Notes
Turn   | Place    | Note
-------+----------+-------------------------------------------
     0 | D:1      | Delamore the Gargoyle Fighter began the quest for the Orb.
     0 | D:1      | Reached XP level 1. HP: 14/14 MP: 1/1
   203 | D:1      | Reached XP level 2. HP: 19/19 MP: 2/2
   414 | D:1      | Reached XP level 3. HP: 21/24 MP: 3/3
  1023 | D:2      | Reached skill level 3 in Maces & Flails
  1422 | D:2      | Reached XP level 4. HP: 28/29 MP: 4/4
  1963 | D:3      | Found a faded altar of an unknown god.
  1964 | D:3      | Noticed Robin
  1971 | D:3      | Noticed Jessica
  1985 | D:3      | Found a white marble altar of Elyvilon.
  2132 | D:3      | Killed Jessica
  2133 | D:3      | Reached skill level 4 in Maces & Flails
  2206 | D:3      | Killed Robin
  2207 | D:3      | Reached XP level 5. HP: 22/33 MP: 5/5
  2796 | D:4      | Noticed an ogre
  2810 | D:4      | Killed an ogre
  2811 | D:4      | Reached skill level 5 in Maces & Flails
  2811 | D:4      | Reached XP level 6. HP: 18/38 MP: 6/6
  3441 | D:4      | Reached skill level 6 in Maces & Flails
  3583 | D:4      | Found a hazy altar of Hepliaklqana.
  3873 | D:4      | Found an opulent altar of Gozag.
  3885 | D:4      | Found a shimmering altar of Xom.
  4007 | D:4      | Found an ancient bone altar of Kikubaaqudgha.
  4301 | D:5      | Entered Level 5 of the Dungeon
  4419 | D:5      | Noticed Edmund
  4419 | D:5      | Noticed Pikel
  4440 | D:5      | Killed Edmund
  4441 | D:5      | Reached XP level 7. HP: 14/44 MP: 7/7
  4446 | D:5      | Killed Pikel
  4447 | D:5      | Reached skill level 8 in Maces & Flails
  4447 | D:5      | Reached XP level 8. HP: 4/48 MP: 8/8
  4478 | D:5      | Reached skill level 5 in Fighting
  4854 | D:5      | Identified a scroll of acquirement
  4855 | D:5      | Acquired a manual of Maces & Flails
  4974 | D:5      | Reached skill level 9 in Maces & Flails
  5003 | D:5      | Found an ornate altar of the Wu Jian Council.
  5269 | D:5      | Reached skill level 10 in Maces & Flails
  5320 | D:5      | Found a bloodstained altar of Trog.
  5962 | D:5      | Reached skill level 11 in Maces & Flails
  6071 | D:5      | Found a sparkling altar of Nemelex Xobeh.
  6379 | D:6      | Reached XP level 9. HP: 53/54 MP: 9/9
  6409 | D:6      | HP: 1/54 [orc warrior (19)]
  6818 | D:6      | Reached skill level 12 in Maces & Flails
  6881 | D:6      | Reached skill level 13 in Maces & Flails
  7294 | D:6      | Found a staircase to the Ecumenical Temple.
  7685 | D:6      | Reached skill level 14 in Maces & Flails
  8208 | D:6      | Found a shimmering blue altar of Sif Muna.
  8226 | D:6      | Reached skill level 15 in Maces & Flails
  8378 | Temple   | Entered the Ecumenical Temple
  8387 | Temple   | Became a worshipper of Qazlal Stormbringer
  8497 | D:7      | Found an iron altar of Okawaru.
  8538 | D:7      | Found a sacrificial altar of Ru.
  8803 | D:7      | Reached XP level 10. HP: 32/59 MP: 10/10
  9025 | D:7      | Found Moisydots's Antique Armour Boutique.
  9040 | D:7      | Bought a runed scarf for 152 gold pieces
  9040 | D:7      | Bought a shiny helmet for 142 gold pieces
  9201 | D:8      | Reached * piety under Qazlal
  9282 | D:8      | Reached skill level 1 in Invocations
  9730 | D:8      | Reached skill level 16 in Maces & Flails
  9748 | D:8      | Identified the +9 morningstar "Ximucu" {vorpal, rPois
                  | Int+4}
  9876 | D:9      | Found a flagged portal.
  9884 | Bailey   | Entered a bailey
 10015 | Bailey   | Slain by an orc warrior

Illustrated notes

Levels and vault maps discovered:
D:1:      shiori_arrival_oz, layout_loops_ring
D:2:      layout_loops_ring, guppyfry_early_orc_mine
D:3:      layout_basic, lemuel_tele_altar, ebering_ecumenical_altar_rust,
          uniq_robin, uniq_jessica
D:4:      minmay_general_purpose_star, layout_basic, kennysheep_little_box,
          mainiacjoe_overflow_alcove_2, mainiacjoe_overflow_six_doors_small,
          general_overflow_altar
D:5:      layout_basic, lightli_temple_of_fire, old_standard_altar,
          nemelex_dance_club_becter, uniq_edmund, uniq_pikel
D:6:      layout_layer_cave, kennysheep_orc_sif_temple,
          minmay_temple_entry_fiery, minmay_puff
D:7:      layout_basic, nicolae_ru_sacrificial_ziggurat,
          mainiacjoe_overflow_surrounded_room, serial_shops, shop
D:8:      layout_basic
D:9:      layout_basic, minmay_lair_entry_grove, enter_bailey_8,
          nicolae_zen_rock_garden, hangedman_decor_growths, minmay_liquid_box,
          minmay_quadrilaterals
Temple:   minmay_freezing_vapour_temple
Bailey:   bailey_polearm_5, bailey

Skill      XL: |  1  2  3  4  5  6  7  8  9 10 |
---------------+-------------------------------+-----
Maces & Flails | 3 4 5 6 8 11 15 16 | 16.0
Fighting       | 4 5 |  5.7
Shields        | 4 |  4.8
Invocations    | 2 |  2.5
Armour         | 4 |  4.3

Action                   |  1- 3 |  4- 6 |  7- 9 | 10-12 || total
-------------------------+-------+-------+-------+-------++-------
Melee: Flail             |   139 |   191 |    21 |       ||   351
       Whip              |       |       |   368 |   107 ||   475
       Morningstar       |       |       |     4 |    92 ||    96
Throw: Javelin           |       |       |     3 |       ||     3
Evoke: Wand              |       |       |     3 |     2 ||     5
  Use: Scroll            |       |     7 |     4 |     4 ||    15
       Potion            |       |     2 |       |       ||     2
Armor: Scale mail        |    86 |    96 |     8 |       ||   190
       Ring mail         |       |       |   111 |   101 ||   212
Dodge: Dodged            |    51 |   105 |   137 |   137 ||   430
Block: Kite shield       |    45 |       |       |       ||    45
       Buckler           |    20 |    45 |    53 |    58 ||   176
